 Dungeon Crawl Stone Soup version 0.26-a0-665-gefeb406119 (webtiles) character file.

Game seed: 3417380188246015068

132 jasper the Shooter (level 4, 0/26 HPs)
             Began as a Deep Elf Hunter on Oct 13, 2020.
             Killed from afar by Natasha (8 damage)
             ... with a magic dart
             ... on level 2 of the Dungeon.
             The game lasted 00:02:29 (1621 turns).

jasper the Shooter (Deep Elf Hunter)                Turns: 1621, Time: 00:02:30

Health: 0/26       AC:  5    Str: 10    XL:     4   Next: 92%
Magic:  6/6        EV: 12    Int: 16    God:
Gold:   106        SH:  0    Dex: 15    Spells: 3/3 levels left

rFire    . . .     SeeInvis .   k - +3 dagger (freeze)
rCold    . . .     Faith    .   (no shield)
rNeg     . . .     Spirit   .   p - +0 ring mail
rPois    .         Reflect  .   (no helmet)
rElec    .         Harm     .   (no cloak)
rCorr    .         Rampage  .   (no gloves)
MR       .....                  (no boots)
Stlth    +.........             (no amulet)
HPRegen  0.08/turn              (no ring)
MPRegen  0.10/turn              (no ring)

@: no status effects
A: no striking features
a: no special abilities


You were on level 2 of the Dungeon.
You visited 1 branch of the dungeon, and saw 2 of its levels.

You collected 106 gold pieces.

Inventory:

Hand Weapons
 a - a +1 shortbow
 b - a +0 short sword
 k - a +3 dagger of freezing (weapon)
Missiles
 d - 35 arrows
Armour
 c - a +0 leather armour
 p - a +0 ring mail (worn)
Scrolls
 f - 4 scrolls of identify {unknown}
 g - 2 scrolls of enchant armour {unknown}
 h - a scroll of fog {unknown}
 j - 2 scrolls of remove curse {unknown}
 l - a scroll of magic mapping {unknown}
 m - a scroll of amnesia {unknown}
 n - a scroll of immolation {unknown}
Potions
 e - 2 potions of heal wounds
 i - a potion of stabbing {unknown}
 o - a potion of curing {unknown}
 q - a potion of degeneration {unknown}


   Skills:
 + Level 2.3 Fighting
 * Level 6.7 Bows
 + Level 1.4 Armour
 + Level 3.5 Dodging
 - Level 1.2 Stealth


You had 3 spell levels left.
You didn't know any spells.
Your spell library was empty.

Dungeon Overview and Level Annotations

Branches:
Dungeon (2/15)

Altars:

Annotations:
D:2 Natasha


Message History

Natasha is nearby!
You start resting.
Natasha is nearby!
Natasha is nearby!
You hit Natasha. You freeze Natasha.
Natasha is moderately wounded.
Natasha casts a spell at you. The magic dart hits you.
You take 4 damage, and have 8/26 hp.
You hit Natasha. You freeze Natasha.
Natasha is heavily wounded.
Natasha drinks a potion.
Natasha is healed!
You hit Natasha. You freeze Natasha.
Natasha is moderately wounded.
Natasha closely misses you.
You closely miss Natasha.
Natasha is moderately wounded.
Natasha casts a spell at you. The magic dart hits you!
You die...

....... #..#.### .#
######## #......#..#
##......## #......#..#
##....<...## #..........
#..........# #..........
#..........# #......####
#.....†....# #.........#
#..........# ##@.........
#..........####h..........
##............†.†###......
##........h.....## ......
#.......[..###............
#......†...# #.#..........
#..........# ....###......
#........(.#....## .....
#............####


You could see Natasha.

Vanquished Creatures
  Natasha (twice) (D:2)
  2 adders (D:2)
  A worm (D:1)
  A dart slug (D:1)
  2 ball pythons (D:1)
  5 giant cockroaches
  8 goblins
  6 hobgoblins
  3 jackals (D:1)
  8 bats
  3 frilled lizards (D:1)
  7 kobolds (D:1)
  10 rats
58 creatures vanquished.

Notes
Turn   | Place    | Note
-------+----------+-------------------------------------------
     0 | D:1      | jasper the Deep Elf Hunter began the quest for the Orb.
     0 | D:1      | Reached XP level 1. HP: 12/12 MP: 3/3
    81 | D:1      | Reached XP level 2. HP: 10/17 MP: 4/4
   540 | D:1      | Reached XP level 3. HP: 21/21 MP: 5/5
   703 | D:1      | Reached skill level 6 in Bows
   881 | D:1      | Reached skill level 1 in Armour
  1200 | D:2      | HP: 1/21 [hobgoblin (3)]
  1528 | D:2      | Reached XP level 4. HP: 26/26 MP: 6/6
  1562 | D:2      | Noticed Natasha
  1568 | D:2      | Killed Natasha
  1591 | D:2      | Noticed Natasha
  1598 | D:2      | Killed Natasha
  1612 | D:2      | Noticed Natasha
  1621 | D:2      | Killed from afar by Natasha

Illustrated notes

Levels and vault maps discovered:
D:1:      sevenhm_arrival_forest_fort_large_1, layout_basic, minmay_vboxes
D:2:      layout_rooms, uniq_natasha

Skill      XL: |  1  2  3 |
---------------+----------+-----
Bows           | 6 |  6.7
Dodging        | 3 |  3.5
Fighting       | 2 |  2.3
Armour         | 1 |  1.4
Stealth        | |  1.2

Action                   |  1- 3 |  4- 6 || total
-------------------------+-------+-------++-------
Melee: Dagger            |       |    14 ||    14
 Fire: Shortbow          |   112 |     8 ||   120
Armor: Leather armour    |    21 |       ||    21
       Ring mail         |     5 |     2 ||     7
Dodge: Dodged            |    59 |     5 ||    64

Table legend: (Time is in decaauts)
 A = Elapsed time spent in this place.
 B = Non-inter-level travel time spent in this place.
 C = Inter-level travel time spent in this place.
 D = Time resting spent in this place.
 E = Time spent auto-exploring this place.
 F = Levels seen in this place.
 G = Mean time per level.
                   A        B        C        D        E       F      G
               +--------+--------+--------+--------+--------+-----+--------+
         Total |   1627 |   1571 |     56 |      2 |   1262 |   2 |  813.5 |
       Dungeon |   1627 |   1571 |     56 |      2 |   1262 |   2 |  813.5 |
               +--------+--------+--------+--------+--------+-----+--------+

Top non-repeatable levels by time:
     D:1: 1494 daAuts
     D:2: 132 daAuts
